 Dungeon Crawl Stone Soup version 0.23.2-1-ga50397a (webtiles) character file.

Game seed: 5253019569886644367

147 Fang the Skirmisher (level 5, 0/34 HPs)
             Began as a Gargoyle Berserker on May 16, 2019.
             Was a Believer of Trog.
             Slain by Pikel
             ... wielding a +0 whip of freezing
              (1 damage)
             ... on level 3 of the Dungeon.
             The game lasted 00:04:52 (3089 turns).

Fang the Skirmisher (Gargoyle Berserker)            Turns: 3089, Time: 00:04:53

Health: 0/34       AC: 16    Str: 21    XL:     5   Next: 29%
Magic:  5/5        EV:  7    Int:  8    God:    Trog [**....]
Gold:   188        SH:  0    Dex:  9    Spells: 4/4 levels left

rFire    . . .     SeeInvis .   a - +0 war axe
rCold    . . .     Gourm    .   (no shield)
rNeg     + . .     Faith    .   b - +1 plate armour
rPois    ∞         Spirit   .   (no helmet)
rElec    +         Reflect  .   (no cloak)
rCorr    .         Harm     .   (no gloves)
MR       .....                  (no boots)
Stlth    ..........             p - amulet of inaccuracy (curse)
HPRegen  0.11/turn              (no ring)
MPRegen  0.09/turn              (no ring)

@: berserk cooldown
A: negative energy resistance 1, electricity resistance, unbreathing,
petrification resistance, rot immunity, AC +4
a: Berserk, Trog's Hand, Renounce Religion


You were on level 3 of the Dungeon.
You worshipped Trog.
Trog was pleased with you.
You were not hungry.

You visited 1 branch of the dungeon, and saw 4 of its levels.

You collected 188 gold pieces.

Inventory:

Hand Weapons
 a - a +0 war axe (weapon)
Armour
 b - a +1 plate armour (worn)
Jewellery
 p - a cursed amulet of inaccuracy (around neck)
Scrolls
 h - a scroll of teleportation
 j - 2 scrolls of fog
Potions
 d - 2 potions of haste
 k - a potion of flight
 m - a potion of mutation
 n - 3 potions of curing {unknown}
 o - a potion of heal wounds
Comestibles
 c - a ration


   Skills:
 + Level 4.3 Fighting
 + Level 3.5 Axes
 + Level 3.3 Armour
 + Level 2.5 Dodging


You had 4 spell levels left.
You didn't know any spells.
Your spell library was empty.

Dungeon Overview and Level Annotations

Branches:
Dungeon (4/15)
 Temple: D:4-7

Altars:
Qazlal
Zin

Annotations:
D:3 Pikel


Innate Abilities, Weirdness & Mutations

You are resistant to torment.
Your stone body is resilient. (AC +4)
You are immune to poison.
You resist negative energy. (rN+)
You are resistant to electric shocks. (rElec)
You can survive without breathing.
You are immune to petrification.
You are immune to rotting.


Message History

You barely miss Pikel.
Pikel is lightly wounded.
Pikel closely misses you.
You closely miss Pikel.
Pikel is lightly wounded.
Pikel completely misses you.
Pikel says, "You will build my throne, and die beneath it!"
Pikel hits you but does no damage.
You miss Pikel.
Pikel is lightly wounded.
Pikel hits you with a +0 whip of freezing.
* * * LOW HITPOINT WARNING * * *
Pikel freezes you.
* * * LOW HITPOINT WARNING * * *
You miss Pikel.
Pikel is lightly wounded.
Pikel hits you with a +0 whip of freezing.
* * * LOW HITPOINT WARNING * * *
Pikel freezes you.
You die...

.........#.....[[#
.....)[..####....#
.........##.##[..#
.####)#####......#
.# #.# #.##...# ##
#.#####.###..#
#.#.....# #pp#
#.#.##### ##K#
###.#.# #@#
#...#.# ###
#.###.# #.###.#
#..[..# #######


You could see Pikel and 2 slaves.

Vanquished Creatures
  A worker ant (D:3)
  4 adders (D:3)
  4 worms
  4 dart slugs
  3 leopard geckos
  4 orcs (D:3)
  2 giant cockroaches
  6 goblins
  4 hobgoblins
  3 kobolds
  14 bats
  4 frilled lizards
  13 rats
66 creatures vanquished.

Notes
Turn   | Place    | Note
-------+----------+-------------------------------------------
     0 | D:1      | Fang the Gargoyle Berserker began the quest for the Orb.
     0 | D:1      | Reached XP level 1. HP: 14/14 MP: 1/1
    87 | D:1      | You fall through a shaft!
    92 | D:2      | Reached XP level 2. HP: 13/19 MP: 2/2
   314 | D:2      | Reached XP level 3. HP: 22/23 MP: 3/3
   806 | D:2      | Found a stormy altar of Qazlal.
  1228 | D:1      | You fall through a shaft!
  1407 | D:1      | Reached ** piety under Trog
  1880 | D:3      | Reached XP level 4. HP: 14/29 MP: 4/4
  2028 | D:3      | Reached skill level 4 in Fighting
  2450 | D:3      | Reached XP level 5. HP: 28/33 MP: 5/5
  2487 | D:3      | Found a glowing silver altar of Zin.
  2978 | D:4      | Noticed a slave
  2980 | D:4      | Noticed Pikel
  2980 | D:4      | Noticed a slave
  2980 | D:4      | Noticed a slave
  2981 | D:4      | Noticed a slave
  2981 | D:4      | Noticed an ogre
  3089 | D:3      | HP: 1/34 [Pikel/+0 whip of freezing (1)]
  3089 | D:3      | Slain by Pikel

Skill      XL: |  1  2  3  4 |
---------------+-------------+-----
Axes           | 3 |  3.5
Dodging        | 2 |  2.5
Fighting       | 4 |  4.3
Armour         | 3 |  3.3

Action                   |  1- 3 |  4- 6 || total
-------------------------+-------+-------++-------
Melee: Hand axe          |   155 |       ||   155
       War axe           |       |   198 ||   198
Invok: Berserk           |       |     3 ||     3
  Use: Scroll            |       |    10 ||    10
       Potion            |       |     1 ||     1
  Eat: Chunk             |     3 |     5 ||     8
       Ration            |       |     1 ||     1
Armor: Animal skin       |    58 |     4 ||    62
       Plate armour      |       |   240 ||   240
       Skin              |       |     3 ||     3
Dodge: Dodged            |   125 |   144 ||   269
